 Dungeon Crawl Stone Soup version 0.29-a0-542-g075992c915 (webtiles) character file.

Game seed: 10870699875307253378

0 oldriver the Sneak (level 1, -17/19 HPs)
             Began as a Palentonga Delver on June 4, 2022.
             Killed by an exploding adder (31 damage)
             ... ignited by their inner flame
             ... on level 6 of the Dungeon.
             The game lasted 00:00:40 (138 turns).

oldriver the Sneak (Palentonga Delver)               Turns: 138, Time: 00:00:41

Health: -17/19     AC:  4    Str: 15    XL:     1   Next: 0%
Magic:  1/1        EV:  9    Int: 10    God:
Gold:   16         SH:  0    Dex: 11    Spells: 0/0 levels left

rFire   . . .      SeeInvis +   a - +0 hand axe
rCold   . . .      Faith    .   (no shield)
rNeg    . . .      Spirit   .   b - +0 leather armour
rPois   .          Reflect  .   (no helmet)
rElec   .          Harm     .   (no cloak)
rCorr   .          Rampage  .   (no gloves)
Will    .....                   (no barding)
Stlth   ++........              (no amulet)
HPRegen 0.06/turn               (no ring)
MPRegen 0.07/turn               (no ring)

@: no status effects
A: large, rugged brown scales 3, see invisible, deformed body, roll 1, armoured
tail
a: Rolling Charge


You were on level 6 of the Dungeon.
You visited 1 branch of the dungeon, and saw 2 of its levels.

You collected 16 gold pieces.

Inventory:

Hand Weapons
 a - a +0 hand axe (weapon)
Armour
 b - a +0 leather armour (worn)
Wands
 g - a wand of digging (3)
Scrolls
 c - a scroll of fog
 d - a scroll of magic mapping
 e - a scroll of fear
Potions
 f - a potion of haste


   Skills:
 + Level 3.0 Fighting
 + Level 2.0 Axes
 - Level 1.5 Dodging
 - Level 3.3 Stealth


You couldn't memorise any spells.
You didn't know any spells.
Your spell library was empty.

Dungeon Overview and Level Annotations

Branches:
Dungeon (6/15)
 Temple: D:4-7

Altars:

Annotations:
D:6 Maggie


Innate Abilities, Weirdness & Mutations

You are completely covered in rugged brown scales. (AC +3, +7% HP)
You have supernaturally acute eyesight. (SInv)
Armour fits poorly on your strangely shaped body.
You can roll at nearby foes to attack.
You have a long armoured tail.


Message History

You hear an angry hiss.
You hear a shout!
There is an open door here.
You close the door.
The gnoll shaman mumbles some strange prayers to its god against you.
You are outlined in light.
There is a stone staircase leading down here.
You climb downwards.
You hear the hiss of flowing sand.
There is an entrance to an ossuary on this level.
Hurry and find it before the portal is buried!
There is a stone staircase leading up here.
Found 16 gold pieces.
You are no longer glowing.
You now have 16 gold pieces.
Found a scroll labelled YTSENO BINIWNA.
Maggie the Vainglorious comes into view.
She is wielding a +0 long sword of draining and carrying a wand of iceblast (15).
Found a dagger.
Found a quarterstaff.
An orc comes into view. It is wielding a +0 mace.
You hear the slow hiss of a very distant avalanche of sand.
An adder comes into view.
An orc comes into view. It is wielding a +0 club.
As you read the scroll labelled EKEVOG RIQIL, it crumbles to dust.
The creatures around you are filled with an inner flame!
It was a scroll of immolation.
The adder hisses angrily.
An orc comes into view. It is wielding a +0 hand axe.
The orc shouts!
The adder attacks as you move away! The adder bites you but does no damage.
The adder bites you.
You barely miss the adder. The adder barely misses you.
You miss the adder. The adder bites you. The adder barely misses you.
You barely miss the adder. The adder closely misses you.
The adder bites you but does no damage.
You hit the adder.
Flame seeps out of the adder.
The adder is moderately wounded.
The adder is engulfed in blazing flames.
The adder explodes!
The fiery explosion engulfs you!!
Ouch! That really hurt!
You die...

##.
###....#.....#.......
. ###.........## ##
##.........##
#..........#
#..........#
#..........#
#..........#
##........##
###@...### #○#####
##§# #.o# #.## ##.#
#.## ........#
......#.#


You could see an orc (inner flame).

Vanquished Creatures
  An adder (D:6)
1 creature vanquished.

Notes
Turn   | Place    | Note
-------+----------+-------------------------------------------
     0 | D:5      | oldriver the Palentonga Delver began the quest for the Orb.
     0 | D:5      | Reached XP level 1. HP: 19/19 MP: 1/1
    41 | D:5      | Noticed a gnoll shaman
    85 | D:6      | Noticed Maggie
   138 | D:6      | Killed by an exploding adder... ignited by their inner
                  | flame

Illustrated notes

Levels and vault maps discovered:
D:5:      layout_basic, kennysheep_mini, chequers_serial_rivers_micro_c
D:6:      layout_cave_pods, grunt_temple_overflow_champion_of_chaos,
          amethyst_overflow_temple_binary, nicolae_ossuary_entry_plus,
          uniq_maggie, uniq_blork_the_orc, uniq_edmund

Action                   || total
-------------------------++-------
Melee: Hand axe          ||     4
  Use: Scroll            ||     1
Armor: Leather armour    ||     2
Dodge: Dodged            ||     3

Table legend: (Time is in decaauts)
 A = Elapsed time spent in this place.
 B = Non-inter-level travel time spent in this place.
 C = Inter-level travel time spent in this place.
 D = Time resting spent in this place.
 E = Time spent auto-exploring this place.
 F = Levels seen in this place.
 G = Mean time per level.
                   A        B        C        D        E       F      G
               +--------+--------+--------+--------+--------+-----+--------+
         Total |    138 |    138 |      0 |      0 |      1 |   2 |   69.0 |
       Dungeon |    138 |    138 |      0 |      0 |      1 |   2 |   69.0 |
               +--------+--------+--------+--------+--------+-----+--------+

Top non-repeatable levels by time:
     D:6: 74 daAuts
     D:5: 64 daAuts
